 Dungeon Crawl Stone Soup version 0.13-a0-2281-ge1c0d72 (webtiles) character file.

710 Kae the Firebug (level 6, -12/32 HPs)
             Began as a Deep Elf Fire Elementalist on July 7, 2013.
             Mangled by an orc warrior
             ... wielding a +0,+1 orcish great mace
              (32 damage)
             ... on Level 4 of the Dungeon.
             The game lasted 00:07:16 (4505 turns).

Kae the Firebug (Deep Elf Fire Elementalist)        Turns: 4505, Time: 00:07:16

HP -12/32        AC  2     Str  7      XL: 6   Next: 92%
MP   7/19        EV 13     Int 20      God:
Gold 216         SH  0     Dex 15      Spells:  3 memorised,  7 levels left

Res.Fire  : . . .   See Invis. : .   o - -1 mace (curse)
Res.Cold  : . . .   Warding    : .   a - +0 elf robe
Life Prot.: . . .   Conserve   : .   (no shield)
Res.Poison: .       Res.Corr.  : .   (no helmet)
Res.Elec. : .       Clarity    : .   (no cloak)
Sust.Abil.: . .     Spirit.Shd : .   (no gloves)
Res.Mut.  : .       Stasis     : .   (no boots)
Res.Rott. : .       Flight     : .   (no amulet)
Saprovore : . . .                    (no ring)
                                     (no ring)

@: slightly resistant to hostile enchantments, fairly stealthy
A: no striking features
a: no special abilities


You were on level 4 of the Dungeon.
You were hungry.

You visited 1 branch of the dungeon, and saw 4 of its levels.

You collected 196 gold pieces.

Inventory:

Hand weapons
 e - a +0,+0 dagger
 o - a cursed -1,-1 mace (weapon)
 z - a +0,+0 quarterstaff
Missiles
 g - 29 darts (quivered)
 k - 2 darts of flame
Armour
 a - a +0 elven robe (worn)
Magical devices
 w - a wand of draining (2)
Comestibles
 c - 2 bread rations
 d - 4 pears
 l - 2 meat rations
 m - a banana
 x - a lychee
Scrolls
 f - 6 scrolls of identify {unknown}
 i - 3 scrolls of fear {unknown}
 j - 2 scrolls of remove curse {unknown}
 n - a scroll of enchant weapon II {unknown}
 q - a scroll of curse jewellery {unknown}
 u - a scroll of enchant weapon I {unknown}
 v - 3 scrolls of amnesia {unknown}
 y - a scroll of enchant armour {unknown}
 C - a scroll of random uselessness {unknown}
Jewellery
 r - an uncursed ring of protection from magic {unknown}
 D - an uncursed ring of teleport control {unknown}
Potions
 h - 2 potions of curing
 p - a potion of restore abilities {unknown}
 s - a potion of agility {unknown}
 t - a potion of heal wounds {unknown}
 A - a potion of paralysis {unknown}
Books
 b - a book of Flames

   Spells                             Type                      Level
   *Flame Tongue                      Conjuration/Fire             1
   *Throw Flame                       Conjuration/Fire             2
   *Conjure Flame                     Conjuration/Fire             3
   Inner Flame                        Hexes/Fire                   3
   Sticky Flame                       Conjuration/Fire             4
   Fireball                           Conjuration/Fire             5


   Skills:
 - Level 2.4 Dodging
 - Level 2.5 Stealth
 + Level 4.2 Spellcasting
 * Level 5.4 Conjurations
 * Level 5.7 Fire Magic


You had 7 spell levels left.
You knew the following spells:

 Your Spells              Type           Power        Failure   Level  Hunger
a - Flame Tongue          Conj/Fire      ####.        1%          1    None
b - Throw Flame           Conj/Fire      ####..       1%          2    #......
c - Conjure Flame         Conj/Fire      ####....     4%          3    ###....


Dungeon Overview and Level Annotations

Branches:
Dungeon (4/27)
 Temple: D:4-7

Altars:
Elyvilon


Message History

The flame hits the orc warrior.
The orc warrior appears unharmed.
The orc warrior is moderately wounded.
Casting: Flame Tongue
Confirm with . or Enter, or press ? or * to list all spells.
Aiming: Flame Tongue
Press: ? - help, Shift-Dir - straight line, f/p - orc warrior
Aim: an orc warrior, wielding an orcish great mace and wearing an orcish plate armour (moderately wounded)
The flame hits the orc warrior.
The orc warrior is moderately wounded.
Casting: Flame Tongue
Confirm with . or Enter, or press ? or * to list all spells.
Aiming: Flame Tongue
Press: ? - help, Shift-Dir - straight line, f/p - orc warrior
Aim: an orc warrior, wielding an orcish great mace and wearing an orcish plate armour (flame, moderately wounded)
The flame hits the orc warrior.
The orc warrior appears unharmed.
The orc warrior is moderately wounded.
The orc warrior is engulfed in roaring flames.
The orc warrior hits you with an orcish great mace!
Ouch! That really hurt!
You die...

#..#.##..##...#.#......#
##..#............#...####
#..........#.........#
##..#####..##.####..##
#..#####..##.# #...#
#............###.#.# ##
########.........#.#
#...###...###.#.####..#.###
..._.....P[%o@.#.# #..#...#
oo[###...###.#.# #..###.#
##### #.#.####..# #.#
##.....##..# #.#
...........# #.#
###....#...###.###
#.###....[..)........# #
..............#.###.#
.##.##..#####.........##.#
#.#


You could see an orc warrior.

Vanquished Creatures
  A hound (D:4)
  2 centaur skeletons (D:4)
  An iguana (D:4)
  5 orc wizards (D:4)
  2 worker ants (D:4)
  Terence (D:3)
  9 adders
  2 worms (D:2)
  10 orcs
  5 giant cockroaches
  6 hobgoblins
  3 quokkas
  A ball python (D:4)
  13 bats
  3 giant newts
  A gnoll skeleton (D:4)
  11 goblins
  5 jackals
  16 kobolds
  8 rats
105 creatures vanquished.

Vanquished Creatures (others)
  A kobold (D:1)
  A giant newt (D:4)
2 creatures vanquished.

Grand Total: 107 creatures vanquished

Notes
Turn   | Place    | Note
--------------------------------------------------------------
     0 | D:1      | Kae, the Deep Elf Fire Elementalist, began the quest for the Orb.
     0 | D:1      | Reached XP level 1. HP: 10/10 MP: 4/4
   278 | D:1      | Reached XP level 2. HP: 12/15 MP: 6/6
   932 | D:1      | Reached XP level 3. HP: 17/19 MP: 7/9
   964 | D:1      | Learned a level 2 spell: Throw Flame
   968 | D:1      | Learned a level 3 spell: Conjure Flame
  1526 | D:2      | Reached skill level 4 in Fire Magic
  1558 | D:2      | Reached XP level 4. HP: 17/24 MP: 5/12
  2395 | D:3      | Noticed Terence
  2410 | D:3      | Killed Terence
  2410 | D:3      | Reached XP level 5. HP: 28/28 MP: 1/15
  3890 | D:4      | Reached skill level 5 in Fire Magic
  3890 | D:4      | Reached XP level 6. HP: 25/32 MP: 14/18
  4063 | D:4      | Reached skill level 5 in Conjurations
  4479 | D:4      | Found a white marble altar of Elyvilon.
  4481 | D:4      | Noticed an orc warrior
  4505 | D:4      | Mangled by an orc warrior

Action                   |  1- 3 |  4- 6 || total
-------------------------+-------+-------++-------
Melee: Dagger            |    25 |       ||    25
       Mace              |    10 |     5 ||    15
Throw: Dart              |       |     2 ||     2
 Cast: Flame Tongue      |    73 |   149 ||   222
       Throw Flame       |       |     7 ||     7
       Conjure Flame     |       |     4 ||     4
  Use: Potion            |     1 |       ||     1
 Stab: Sleeping          |     2 |       ||     2
